 Dungeon Crawl Stone Soup version 0.21.1-1-g345015f (webtiles) character file.

5399 vatarom the Summoner (level 10, -6/60 HPs)
             Began as a Deep Elf Summoner on Apr 1, 2018.
             Was an Elder of Sif Muna.
             Mangled by a thrashing horror (12 damage)
             ... on level 1 of the Abyss.
             The game lasted 00:24:59 (9971 turns).

vatarom the Summoner (Deep Elf Summoner)            Turns: 9971, Time: 00:24:59

Health: -6/60      AC:  5    Str:  8    XL:     10   Next: 40%
Magic:  15/18      EV: 12    Int: 20    God:    Sif Muna [****..]
Gold:   697        SH:  0    Dex: 11    Spells: 10/29 levels left

rFire    + . .     SeeInvis +   f - +3 spear (venom)
rCold    + . .     Gourm    .   (no shield)
rNeg     . . .     Faith    +   A - +0 steam dragon scales
rPois    +         Spirit   .   r - +2 helmet
rElec    +         Reflect  .   (no cloak)
rCorr    +         Harm     .   (no gloves)
MR       +....                  (no boots)
Stlth    ++........             y - amulet of faith
HPRegen  0.00/turn              m - ring of see invisible
MPRegen  0.16/turn              t - +3 ring of intelligence

@: resistant, non-regenerating, diseased, divine energy
A: [clumsy 2], [deformed body], [dopey 2], [low mp 3]
a: Stop Divine Energy, Channel Magic, Forget Spell, Renounce Religion


You were on level 1 of the Abyss.
You worshipped Sif Muna.
Sif Muna was greatly pleased with you.
You were not hungry.

You visited 2 branches of the dungeon, and saw 11 of its levels.
You visited the Abyss 1 time.

You collected 697 gold pieces.

Inventory:

Hand Weapons
 f - a +3 spear of venom (weapon)
Armour
 r - a +2 helmet (worn)
 A - +0 steam dragon scales (worn)
Jewellery
 m - a ring of see invisible (left hand)
 t - a +3 ring of intelligence (right hand)
 y - an amulet of faith (around neck)
 I - an uncursed ring of protection from fire {unknown}
 J - a +2 ring of protection
Wands
 h - a wand of digging (8)
 i - a wand of random effects (53)
 u - a wand of flame (52)
 C - a wand of enslavement (10)
 E - a wand of iceblast (11)
 F - a wand of polymorph (13)
Scrolls
 d - 5 scrolls of teleportation
 j - 3 scrolls of enchant weapon
 l - a scroll of fear
 o - 4 scrolls of remove curse
 p - 3 scrolls of magic mapping
 s - 2 scrolls of blinking
 v - 3 scrolls of enchant armour
 w - a scroll of random uselessness
 G - 2 scrolls of identify
 K - a scroll of fog
Potions
 e - a potion of flight
 k - 3 potions of might
 n - a potion of agility {unknown}
 q - a potion of brilliance
 z - a potion of invisibility {unknown}
 B - a potion of magic {unknown}
 H - 2 potions of heal wounds {unknown}
Comestibles
 a - 2 chunks of flesh
 c - 13 rations


   Skills:
 + Level 6.0 Fighting
 - Level 2.4 Dodging
 - Level 2.4 Stealth
 + Level 10.1 Spellcasting
 * Level 12.1 Summonings
 + Level 4.7 Invocations


You had 10 spell levels left.
You knew the following spells:

 Your Spells              Type           Power        Failure   Level  Hunger
a - Summon Small Mammal   Summ           ####         1%          1    None
b - Call Imp              Summ           ######..     1%          2    None
c - Call Canine Familiar  Summ           ######..     1%          3    None
d - Summon Lightning Spi  Summ/Air       ####....     5%          4    ##.....
e - Summon Ice Beast      Ice/Summ       ####....     5%          4    ##.....
f - Blink                 Tloc           N/A          11%         2    None
g - Summon Guardian Gole  Hex/Summ       ####....     1%          3    None


Dungeon Overview and Level Annotations

Branches:
Dungeon (10/15)            Temple (1/1) D:5
   Lair: D:8-11         Orc: D:9-12

Altars:
Ashenzari
Cheibriados
Dithmenos
Elyvilon
Fedhas
Gozag
Hepliaklqana
Kikubaaqudgha
Makhleb
Nemelex Xobeh
Okawaru
Qazlal
Ru
Sif Muna
Trog
Uskayaw
Vehumet
Wu Jian
Xom
Yredelemnul
Zin
The Shining One

Shops:
D:4 (

Annotations:
D:10 Erolcha, Fannar


Innate Abilities, Weirdness & Mutations

[You are very clumsy. (Dex -4)]
[Armour fits poorly on your strangely shaped body.]
[You are very dopey. (Int -4)]
[Your magical capacity is extremely low. (-30% MP)]


Message History

You are suddenly pulled into a different region of the Abyss!
You start resting.
A tentacled starspawn comes into view.
Found 25 sling bullets.
Found a runed rapier.
You feel protected.
A thrashing horror comes into view.
You enter the shallow water.
Moving in this stuff is going to be slow.
The thrashing horror roars!
The thrashing horror tramples you but does no damage. x2
Casting: Summon Ice Beast
Confirm with . or Enter, or press ? or * to list all spells.
The thrashing horror tramples you!
* * * LOW HITPOINT WARNING * * *
You stumble backwards!
A tentacle flies out from the starspawn's body!
A starspawn tentacle comes into view.
The thrashing horror tramples you!
You die...

... ... .. ... ..
#.# ##.## #.#
...###...###...
.....#.....#....
.................
#.... #..@X.#
≈≈...###h..## ..
≈≈≈≈≈≈≈##.#####.#
##... ≈≈≈≈≈♣≈ ≈..
#.....#.....#≈≈≈≈
................
#.....#.....#.....
##...###..w###...#
##.# ##X## #.##


You could see a thrashing horror, a starspawn tentacle and a friendly wolf.

Vanquished Creatures
  A hippogriff (D:9)
  A steam dragon (D:6)
  2 orc warriors
  A sky beast (D:7)
  A phantom (D:8)
  A centaur (D:8)
  2 bullfrogs (D:8)
  A howler monkey (D:9)
  A wight (D:8)
  A hound (D:4)
  A bullfrog skeleton (D:4)
  4 orc wizards
  2 worker ants
  A gnoll (D:9)
  2 adders
  A howler monkey skeleton (D:7)
  A shadow imp (D:8)
  An adder skeleton (D:4)
  A worm (D:4)
  A dart slug (D:3)
  5 leopard geckos
  9 orcs
  A ball python (D:5)
  6 giant cockroaches
  A goblin (D:2)
  3 hobgoblins
  10 jackals
  5 kobolds
  6 quokkas
  5 bats
  2 frilled lizards
  3 rats (D:2)
83 creatures vanquished.

Vanquished Creatures (collateral kills)
  A tentacled starspawn (Abyss:1)
  A two-headed ogre (D:9)
  Pikel (D:6)
  The ghost of wojtek the Destroyer, a novice KoCj of Vehumet (D:8)
  2 trolls (D:9)
  A hippogriff (D:9)
  A wraith (D:10)
  Sigmund (D:4)
  Eustachio (D:4)
  4 hogs (D:7)
  A human (D:7)
  2 steam dragons (D:6)
  A hungry ghost (D:9)
  Edmund (D:6)
  Duvessa (D:4)
  2 orc warriors
  An ice beast (D:5)
  4 slaves (D:6)
  A necrophage (D:6)
  2 ogres (D:6)
  The ghost of Totori the Chiller, an amateur DrIE of Yredelemnul (D:3)
  A centaur (D:6)
  A big kobold (D:9)
  Dowan (D:4)
  2 scorpions
  4 killer bees (D:8)
  18 wights
  5 howler monkeys
  2 crimson imps
  2 jellies
  3 orc priests
  4 orc wizards
  A centaur skeleton (D:7)
  5 hounds
  2 iguanas (D:6)
  7 worker ants
  2 killer bee zombies
  A hound skeleton (D:5)
  A howler monkey skeleton (D:4)
  6 gnolls
  4 adders
  A shadow imp (D:9)
  2 adder zombies
  A dart slug (D:1)
  A worm (D:3)
  2 leopard geckos
  17 orcs
  3 giant cockroaches
  2 goblins
  7 hobgoblins
  11 jackals
  A quokka (D:3)
  A ball python (D:3)
  A bat (D:1)
  4 frilled lizards
  6 kobolds
  2 quokka skeletons (D:4)
  5 rats
  2 starspawn tentacles (Abyss:1)
172 creatures vanquished.

Vanquished Creatures (others)
  A small abomination (Abyss:1)
  5 starspawn tentacles (Abyss:1)
6 creatures vanquished.

Grand Total: 261 creatures vanquished

Notes
Turn   | Place    | Note
-------+----------+-------------------------------------------
     0 | D:1      | vatarom the Deep Elf Summoner began the quest for the Orb.
     0 | D:1      | Reached XP level 1. HP: 10/10 MP: 6/6
   304 | D:1      | Reached XP level 2. HP: 16/16 MP: 5/8
   310 | D:1      | Learned a level 2 spell: Call Imp
   997 | D:2      | Reached skill level 5 in Summonings
  1009 | D:2      | Found a shattered altar of Ashenzari.
  1154 | D:2      | Reached XP level 3. HP: 18/20 MP: 10/10
  1236 | D:2      | Learned a level 3 spell: Call Canine Familiar
  1658 | D:3      | Reached skill level 1 in Fighting
  1802 | D:3      | Found a blossoming altar of Fedhas.
  1865 | D:3      | Noticed Totori's ghost (amateur DrIE)
  1880 | D:3      | Killed Totori's ghost
  1880 | D:3      | Reached XP level 4. HP: 25/25 MP: 0/12
  1922 | D:3      | Learned a level 4 spell: Summon Lightning Spire
  2324 | D:4      | Reached XP level 5. HP: 29/29 MP: 13/13
  2335 | D:4      | Noticed Eustachio
  2347 | D:4      | Killed Eustachio
  2347 | D:4      | Reached skill level 6 in Summonings
  2591 | D:4      | Found an opulent altar of Gozag.
  2613 | D:4      | Noticed Duvessa
  2613 | D:4      | Noticed Dowan
  2618 | D:4      | Noticed Sigmund
  2694 | D:4      | Killed Duvessa
  2694 | D:4      | Reached skill level 5 in Spellcasting
  2694 | D:4      | Reached XP level 6. HP: 28/35 MP: 3/15
  2827 | D:4      | Killed Dowan
  2862 | D:4      | Killed Sigmund
  2862 | D:4      | Reached skill level 7 in Summonings
  3259 | D:4      | Learned a level 4 spell: Summon Ice Beast
  3295 | D:4      | Found Jihoatai's Weapon Boutique.
  3402 | D:4      | Reached XP level 7. HP: 40/40 MP: 14/17
  3798 | D:5      | Entered Level 5 of the Dungeon
  3938 | D:5      | Found an ornate altar of the Wu Jian Council.
  3981 | D:5      | HP: 2/40 [ice beast (9)]
  4195 | D:5      | Found a staircase to the Ecumenical Temple.
  4229 | Temple   | Entered the Ecumenical Temple
  4284 | Temple   | Became a worshipper of Sif Muna the Loreminder
  4690 | D:5      | Found a hide-covered altar of Uskayaw.
  4690 | D:5      | Found an iron altar of Okawaru.
  4957 | D:6      | Reached skill level 8 in Summonings
  5084 | D:6      | Found a white marble altar of Elyvilon.
  5347 | D:6      | Reached XP level 8. HP: 46/46 MP: 11/20
  5429 | D:6      | Noticed Pikel
  5445 | D:6      | Killed Pikel
  5445 | D:6      | Reached * piety under Sif Muna
  5445 | D:6      | Reached skill level 9 in Summonings
  5495 | D:6      | Noticed Edmund
  5515 | D:6      | Killed Edmund
  5575 | D:6      | Learned a level 2 spell: Blink
  6012 | D:6      | Found a burning altar of Makhleb.
  6378 | D:6      | Reached ** piety under Sif Muna
  6404 | D:6      | Reached skill level 10 in Summonings
  6674 | D:7      | Reached XP level 9. HP: 49/52 MP: 18/23
  6868 | D:7      | Reached skill level 1 in Invocations
  7738 | D:8      | Reached skill level 5 in Fighting
  7805 | D:8      | Noticed wojtek's ghost (novice KoCj)
  7820 | D:8      | Killed wojtek's ghost
  8013 | D:8      | Reached skill level 11 in Summonings
  8035 | D:8      | Reached *** piety under Sif Muna
  8796 | D:9      | Noticed a two-headed ogre
  8804 | D:9      | Killed a two-headed ogre
  8804 | D:9      | Reached XP level 10. HP: 52/60 MP: 15/25
  9050 | D:9      | HP: 1/90 [troll (7)]
  9115 | D:9      | Got a translucent leather armour
  9239 | D:9      | Identified the cursed +1 leather armour of the Soldier {+Blink rPois rCorr Dex-5} (You found it on level 9 of the Dungeon)
  9476 | D:9      | Found a basalt altar of Yredelemnul.
  9671 | D:10     | Entered Level 10 of the Dungeon
  9782 | D:10     | Learned a level 3 spell: Summon Guardian Golem
  9822 | D:10     | Noticed Fannar
  9825 | D:10     | Noticed Erolcha
  9825 | D:10     | Cast into level 1 of the Abyss (Erolcha)
  9881 | Abyss:1  | Noticed a tentacled starspawn
  9892 | Abyss:1  | Found a corrupted altar of Lugonu.
  9895 | Abyss:1  | Noticed a purple very ugly thing
  9898 | Abyss:1  | Noticed a purple very ugly thing
  9899 | Abyss:1  | Noticed a purple very ugly thing
  9899 | Abyss:1  | Noticed a purple very ugly thing
  9905 | Abyss:1  | Killed a tentacled starspawn
  9905 | Abyss:1  | Reached **** piety under Sif Muna
  9905 | Abyss:1  | Reached skill level 10 in Spellcasting
  9905 | Abyss:1  | Reached skill level 12 in Summonings
  9927 | Abyss:1  | Noticed an orange demon
  9929 | Abyss:1  | Noticed a wretched star
  9941 | Abyss:1  | Noticed a wretched star
  9952 | Abyss:1  | Noticed a tentacled starspawn
  9964 | Abyss:1  | Noticed a thrashing horror
  9971 | Abyss:1  | Mangled by a thrashing horror

Skill      XL: |  1  2  3  4  5  6  7  8  9 10 |
---------------+-------------------------------+-----
Summonings     | 5 6 7 8 10 11 12 | 12.1
Fighting       | 1 2 3 4 5 6 |  6.0
Spellcasting   | 4 5 6 8 9 10 | 10.1
Invocations    | 3 4 |  4.7
Dodging        | |  2.4
Stealth        | |  2.4

Action                   |  1- 3 |  4- 6 |  7- 9 | 10-12 || total
-------------------------+-------+-------+-------+-------++-------
Melee: Unarmed           |     4 |       |       |       ||     4
       Spear             |    55 |    52 |   173 |    47 ||   327
 Cast: Summon Small Mamm |    17 |       |       |       ||    17
       Call Imp          |    14 |     5 |     7 |     4 ||    30
       Call Canine Famil |     7 |     5 |    20 |    10 ||    42
       Summon Lightning  |       |     7 |    47 |     9 ||    63
       Summon Ice Beast  |       |       |       |     2 ||     2
Invok: Divine Energy     |       |       |     1 |       ||     1
       Channel Magic     |       |       |       |     1 ||     1
  Use: Scroll            |     8 |       |     8 |     3 ||    19
       Potion            |       |       |     1 |     7 ||     8
 Stab: Sleeping          |     4 |     4 |     7 |     1 ||    16
       Distracted        |       |       |     1 |     1 ||     2
  Eat: Chunk             |     4 |     3 |     6 |       ||    13
       Ration            |       |     1 |     6 |       ||     7
Armor: Robe              |    11 |    34 |     9 |       ||    54
       Steam dragon scal |       |       |    38 |    18 ||    56
       Skin              |       |       |       |     7 ||     7
Dodge: Dodged            |    41 |    52 |   113 |    44 ||   250
